 Dungeon Crawl Stone Soup version 0.30.0-29-ga12c61a403 (webtiles) character file.

Game seed: 5701043836943733324

41 qw the Chopper (level 3, 0/23 HPs)
             Began as a Gargoyle Fighter on June 3, 2023.
             Slain by a gnoll
             ... wielding a +0 flail
              (5 damage)
             ... on level 2 of the Dungeon.
             The game lasted 00:00:37 (1034 turns).

qw the Chopper (Gargoyle Fighter)                   Turns: 1034, Time: 00:00:38

Health: 0/23       AC: 11    Str: 21    XL:     3   Next: 52%
Magic:  3/3        EV:  9    Int:  8    God:
Gold:   40         SH:  4    Dex:  9    Spells: 2/2 levels left

rFire   . . .        Y - +0 war axe
rCold   . . .        c - +0 buckler
rNeg    + . .        b - +0 scale mail
rPois   inf          (no helmet)
rElec   +            (no cloak)
rCorr   .            n - +0 pair of gloves
SInv    .            (no boots)
Will    .....        (no amulet) Stlth
                     (no ring)
HPRegen 0.23/turn    (no ring)
MPRegen 0.08/turn

%: no passive effects
@: no status effects
A: sickness immunity, AC +3, negative energy resistance 1, electricity
resistance, torment resistance 1, petrification resistance
a: no special abilities


You were on level 2 of the Dungeon.
You visited 1 branch of the dungeon, and saw 3 of its levels.

You collected 40 gold pieces.


Innate Abilities, Weirdness & Mutations

You are immune to sickness and miasma.
Your stone body is resilient. (AC +3)
You are immune to poison.
You resist negative energy. (rN+)
You are resistant to electric shocks. (rElec)
You are resistant to unholy torment.
You are immune to petrification.


   Skills:
 - Level 3.2 Fighting
 + Level 3.4 Axes
 - Level 3.2 Armour
 - Level 3.2 Shields


You had 2 spell levels left.
You didn't know any spells.
Your spell library was empty.

Inventory:

Hand Weapons
 i - a +0 whip
 Y - a +0 war axe (weapon)
Armour
 b - a +0 scale mail (worn)
 c - a +0 buckler (worn)
 n - a +0 pair of gloves (worn)
Scrolls
 a - a scroll of acquirement {unknown}
Potions
 d - a potion of might
 e - a potion of mutation {unknown}
 f - a potion of berserk rage {unknown}
 g - a potion of haste {unknown}
 j - 2 potions of lignification

Dungeon Overview and Level Annotations

Branches:
Dungeon (3/15)

Altars:


Message History

The gnoll shouts!
A gnoll comes into view. It is wielding a +0 flail.
Enter note:
Enter note:
Enter note:
Enter note: The gnoll shouts!
You slash the gnoll!
The gnoll is severely wounded.
The gnoll barely misses you.
A gnoll comes into view. It is wielding a +0 halberd.
The gnoll shouts!
You slash the gnoll!
You kill the gnoll!
Things that are here:
a +0 flail; a gnoll corpse
Enter note:
Enter note:
Enter note:
Enter note: You hit the gnoll but do no damage.
The gnoll barely misses you.
You hit the gnoll.
The gnoll is moderately wounded.
You block the gnoll's attack. The gnoll barely misses you.
You block the gnoll's attack. The gnoll barely misses you.
You hit the gnoll.
The gnoll is moderately wounded.
The gnoll hits you from afar with a +0 halberd!
The gnoll closely misses you.
You barely miss the gnoll.
The gnoll is moderately wounded.
The gnoll hits you but does no damage.
The gnoll hits you from afar with a +0 halberd.
You closely miss the gnoll.
The gnoll is moderately wounded.
The gnoll closely misses you. x2
The gnoll hits you from afar with a +0 halberd.
The gnoll hits you with a +0 flail.
You die...

#.#..#...... #.#.#
#.#>........#.# .#+#.#..
#...........#.# #
#.....).)
#######....###.#.# .#
.........
.................##.
#.......)
##########.........
......... # #####.g.#
......... #
#..#######........ #
#########@g...............
# #.........##..###
........ # #.........# #
........ # #.........#
#######. # #.........# #.
# #.........# ## #
##.........## #. #
#............ #. #
#............# #.#


You could see 2 gnolls.

Vanquished Creatures
  A gnoll (D:2)
  A dart slug (D:1)
  3 endoplasms
  2 giant cockroaches (D:1)
  A goblin (D:1)
  2 hobgoblins (D:1)
  A quokka (D:1)
  3 ball pythons
  4 bats (D:1)
  5 kobolds
  5 rats
28 creatures vanquished.

Notes
Turn   | Place    | Note
-------+----------+-------------------------------------------
     0 | D:1      | qw the Gargoyle Fighter began the quest for the Orb.
     0 | D:1      | Reached XP level 1. HP: 14/14 MP: 1/1
     0 | D:1      | 0 ||| qw: Version: 0.2-a-103-g5a998e5
     0 | D:1      | 0 ||| qw: Game counter: 1091
     0 | D:1      | 0 ||| qw: Always use a shield: true
     0 | D:1      | 0 ||| qw: God list: Okawaru
     0 | D:1      | 0 ||| qw: Allow faded altars: false
     0 | D:1      | 0 ||| qw: Do Orc after D:15 true
     0 | D:1      | 0 ||| qw: Do second Lair branch before Depths: true
     0 | D:1      | 0 ||| qw: Lair rune preference: random
     0 | D:1      | 0 ||| qw: Plans: Normal, Zot:1-4, Slime:5, God:TSO, Crypt,
                  | Tomb, Pan, Hells, Abyss, Win
     0 | D:1      | 0 ||| PLANNING D:1-11
   118 | D:1      | Reached XP level 2. HP: 19/19 MP: 2/2
   382 | D:1      | Reached skill level 3 in Axes
   392 | D:1      | 392 ||| Stepping ~*~*~tactically~*~*~ (hiding).
   399 | D:1      | Reached XP level 3. HP: 23/23 MP: 3/3
   546 | D:1      | 546 ||| Stepping ~*~*~tactically~*~*~ (stealth).
   760 | D:1      | 760 ||| DROPPING orb of mayhem.
   761 | D:1      | 761 ||| UPGRADING to +0 pair of gloves.
   766 | D:1      | 766 ||| READING scroll labelled CASMEGY BAGO.
   767 | D:1      | 767 ||| READING scroll labelled VUT YCICUSEAGHO.
   768 | D:1      | 768 ||| READING scroll labelled LOJ PUSAYRI.
   771 | D:1      | 771 ||| READING scroll labelled SOPAGEG OCAMORCH.
   772 | D:1      | 772 ||| READING scroll labelled ZOLOITO ZOFYETT.
   907 | D:2      | You fall into a shaft and drop 1 floor!
   922 | D:3      | 922 ||| DROPPING amulet of magic regeneration.
   923 | D:3      | 923 ||| READING scroll labelled EPLUTOC YZIX.
   924 | D:3      | 924 ||| DRINKING 3 pink potions.
   952 | D:3      | 952 ||| FLEEEEING.
   953 | D:3      | 953 ||| FLEEEEING.
   954 | D:3      | 954 ||| FLEEEEING.
   955 | D:3      | 955 ||| FLEEEEING.
   956 | D:3      | 956 ||| FLEEEEING.
   957 | D:3      | 957 ||| FLEEEEING.
   958 | D:3      | 958 ||| STAIRDANCE
  1034 | D:2      | HP: 5/23 [gnoll/+0 halberd (5)]
  1034 | D:2      | Slain by a gnoll

Levels and vault maps discovered:
D:1:      dpeg_arrival_three_same_balls, layout_basic
D:2:      layout_basic
D:3:      layout_basic, minmay_misc_feat_encased, fountainhead, uniq_natasha

Skill      XL: |  1  2 |
---------------+-------+-----
Axes           | 2 3 |  3.4
Fighting       | |  3.2
Armour         | |  3.2
Shields        | |  3.2

Action                     || total
---------------------------++-------
  Melee: War axe           ||    74
    Use: Scroll            ||     6
         Potion            ||     1
 Armour: Scale mail        ||    31
  Dodge: Dodged            ||    28
  Block: Buckler           ||    13

Table legend:
 A = Non-vault XP
 B = Vault XP
 C = Vault XP percentage of total XP
 D = Non-vault monster count
 E = Vault monster count
 F = Vault count percentage of total count
                 A         B        C        D         E       F
            +---------+---------+-------+---------+---------+-------
      Total |      59 |       0 |   0.0 |      28 |       0 |   0.0
            +---------+---------+-------+---------+---------+-------
        D:1 |      37 |       0 |   0.0 |      22 |       0 |   0.0
        D:2 |      22 |       0 |   0.0 |       6 |       0 |   0.0
            +---------+---------+-------+---------+---------+-------
